Map: 카이로스 정션 - 래더

Players

Patience - Winner!

  • Race: Protoss Protoss
  • League: Master
  • Spawn Location: 5:00

SpeCial

  • Race: Terran Terran
  • League: Grandmaster
  • Spawn Location: 11:00

Event: IEM Season 13 - Katowice Server Qualifiers America

VOD

Have the link to the VOD?

Description

Time

  • Played on: Jan. 6, 2019, 4:16 p.m.
  • Length: 5:38

All games in this series

Show
View Real Time Build Order
Export as new Build Order

Patience Protoss - Winner!

Build Orders: Oracle Opening 

Get SALT Encoding   

  12  0:01  Probe  
  13  0:13  Probe  
  14  0:17  Pylon  
  14  0:23  Probe  
  15  0:32  Probe  
  15  0:39  Gateway  
  15  0:40  Probe  
  16  0:48  Assimilator  
  17  0:51  Probe  
  18  0:59  Pylon  
  18  1:03  Probe  
  19  1:18  Probe  
  20  1:27  Cybernetics Core  
  20  1:29  Zealot  
  20  1:30  Probe  
  23  1:33  Assimilator  
  23  1:42  Probe  
  24  1:48  Pylon  
  24  1:54  Pylon  
  24  1:55  Probe  
  24  1:56  Adept  
  27  2:15  Stargate  
  27  2:20  Warp Gate  
  27  2:26  Probe  
  27  2:29  Stalker  
  30  2:39  Probe  
  31  2:46  Oracle  
  34  3:09  Nexus  
  34  3:12  Probe  
  35  3:20  Oracle  
  35  3:24  Pylon  
  38  3:30  Probe  
  39  3:42  Probe  
  40  3:56  Oracle  
  40  4:00  Gateway x2  
  43  4:05  Probe  
  44  4:25  Phoenix, Stalker  
  44  4:27  Probe  
  44  4:28  Probe  
  48  4:38  Pylon  
  50  4:39  Probe  
  50  4:42  Probe  
  52  4:57  Adept  
  52  4:58  Adept x2  
  52  4:59  Phoenix  
  60  5:01  Probe  
  60  5:02  Probe  
  62  5:13  Probe  
  63  5:15  Robotics Facility, Probe  
  58  5:36  Adept x3  
Show
View Real Time Build Order
Export as new Build Order

SpeCial Terran 

Build Orders:  

Get SALT Encoding   

  12  0:01  SCV  
  13  0:13  SCV  
  14  0:18  Supply Depot  
  14  0:25  SCV  
  15  0:39  SCV  
  15  0:41  Barracks  
  16  0:45  Refinery  
  16  0:51  SCV  
  16  0:54  Refinery  
  17  1:03  SCV  
  18  1:15  SCV  
  20  1:33  Reaper, Orbital Command  
  20  1:44  Supply Depot  
  20  1:51  Factory  
  20  1:58  SCV  
  21  2:05  Reaper  
  22  2:11  SCV  
  23  2:23  SCV  
  23  2:28  Command Center  
  24  2:36  Hellion  
  26  2:37  SCV  
  26  2:43  Supply Depot  
  27  2:51  SCV  
  28  2:55  Barracks Reactor, Starport  
  28  2:59  Factory Tech Lab  
  28  3:03  SCV  
  29  3:11  Supply Depot  
  29  3:19  Cyclone  
  32  3:21  SCV  
  33  3:31  Marine x2  
  33  3:32  Starport Tech Lab  
  33  3:33  SCV  
  34  3:40  Supply Depot  
  34  3:41  Orbital Command  
  34  3:49  Marine x2, SCV  
  35  4:00  Banshee, Orbital Command  
  38  4:07  Marine x2  
  41  4:10  SCV  
  41  4:16  Siege Tank  
  44  4:20  Supply Depot  
  42  4:24  Marine  
  42  4:25  Marine  
  42  4:26  SCV x2  
  46  4:38  SCV  
  46  4:39  SCV  
  46  4:42  Marine  
  46  4:43  Marine  
  50  4:49  Siege Tank  
  50  4:50  SCV  
  50  4:51  SCV  
  55  4:59  Bunker  
  55  5:00  Marine x2  
  55  5:03  SCV  
  61  5:13  SCV  
  59  5:15  SCV  
  59  5:16  Command Center  
  59  5:18  Marine x2  

Tags
 
Add a new tag
Caveats
  • Supply blocks, unpowered buildings, or Contaminate may cause inaccurate times.
  • Supply counts are checked every 10 seconds.